PCL
SPOKANE TRAPPERS @ VANCOUVER VIPERS
08/29/2030
 
TOP OF THE 1ST
Spokane Trappers batting - Pitching for Vancouver Vipers : RHP Sergio Chávez
Pitching: RHP Sergio Chávez
Batting: RHB Warren Martin 0-0: Ball
1-0: Ball
2-0: Ball
3-0: Called Strike
3-1: Base on Balls
Batting: LHB Harry Pitts 0-0: Ball
Warren Martin steals 2nd base
1-0: Called Strike
1-1: Foul Ball, location: 2F
1-2: Ground out 5-3 (Groundball, 56)
Batting: SHB Chris Bennis 0-0: Foul Ball, location: 2F
0-1: Ball
1-1: Called Strike
Warren Martin steals 3rd base
1-2: Foul Ball, location: 2F
1-2: Ball
2-2: Fly out, F8 (Flyball, 8LS)
Runner from 3rd tags up, SCORES, throw made
Batting: RHB Danny Crouch 0-0: Ball
1-0: Ball
2-0: Ball
3-0: Called Strike
3-1: DOUBLE (Line Drive, 9LM)
Batting: LHB Sixto Cantú 0-0: Ball
1-0: Ball
2-0: Called Strike
2-1: Fly out, F5 (Line Drive, 56)
Top of the 1st over - 1 run, 1 hit, 0 errors, 1 left on base; Spokane 1 - Vancouver 0
BOTTOM OF THE 1ST
Vancouver Vipers batting - Pitching for Spokane Trappers : RHP Honorato Mota
Pitching: RHP Honorato Mota
Batting: LHB Ernesto Meléndez 0-0: Ball
1-0: Swinging Strike
1-1: Ball
2-1: Ball
3-1: Foul Ball, location: 2F
3-2: Base on Balls
Batting: SHB Emílio Calvillo 0-0: Ball
1-0: Called Strike
1-1: Fly out, F7 (Flyball, 78D)
Batting: LHB Benny Richard 0-0: Ball
1-0: Called Strike
1-1: Swinging Strike
1-2: Fly out, F8 (Flyball, 8RXD)
Batting: RHB Cooper Richard 0-0: Called Strike
0-1: Ball
1-1: Ball
2-1: Called Strike
2-2: Ball
3-2: Strikes out swinging
Bottom of the 1st over - 0 runs, 0 hits, 0 errors, 1 left on base; Spokane 1 - Vancouver 0
TOP OF THE 2ND
Spokane Trappers batting - Pitching for Vancouver Vipers : RHP Sergio Chávez
Batting: RHB Carlos García 0-0: Called Strike
0-1: Hit by Pitch
Batting: RHB Orlando Bruno 0-0: Called Strike
0-1: Called Strike
0-2: Strikes out swinging
Batting: RHB Alberto Velásquez 0-0: Called Strike
0-1: Swinging Strike
0-2: Grounds into double play, 5-4-3 (Groundball, 56)
Top of the 2nd over - 0 runs, 0 hits, 0 errors, 0 left on base; Spokane 1 - Vancouver 0
BOTTOM OF THE 2ND
Vancouver Vipers batting - Pitching for Spokane Trappers : RHP Honorato Mota
Batting: RHB Marvin Workman 0-0: Ball
1-0: Fly out, F8 (Line Drive, 8LXD)
Batting: LHB Nick Gamble 0-0: Ground out 5-3 (Groundball, 56)
Batting: RHB Horace Johnson 0-0: Ball
1-0: Ball
2-0: Ball
3-0: Called Strike
3-1: SINGLE (Groundball, 4MD)
Batting: LHB Brian Ford 0-0: Called Strike
Horace Johnson steals 2nd base
0-1: Ball
1-1: Swinging Strike
1-2: Foul Ball, location: 2F
1-2: Strikes out swinging
Bottom of the 2nd over - 0 runs, 1 hit, 0 errors, 1 left on base; Spokane 1 - Vancouver 0
TOP OF THE 3RD
Spokane Trappers batting - Pitching for Vancouver Vipers : RHP Sergio Chávez
Batting: RHB José Martínez 0-0: Fly out, F4 (Popup, 4M)
Batting: RHB Warren Martin 0-0: Fly out, F9 (Flyball, 89D)
Batting: LHB Harry Pitts 0-0: Called Strike
0-1: Called Strike
0-2: Foul Ball, location: 2F
0-2: Fly out, F6 (Popup, 6MD)
Top of the 3rd over - 0 runs, 0 hits, 0 errors, 0 left on base; Spokane 1 - Vancouver 0
BOTTOM OF THE 3RD
Vancouver Vipers batting - Pitching for Spokane Trappers : RHP Honorato Mota
Batting: RHB Lyle Clark 0-0: Fly out, F7 (Flyball, 7)
Batting: LHB Ernesto Meléndez 0-0: Called Strike
0-1: Ball
1-1: Foul Ball, location: 2F
1-2: Fly out, F4 (Popup, 34S)
Batting: SHB Emílio Calvillo 0-0: Ball
1-0: Called Strike
1-1: SINGLE (Groundball, 34D)
Batting: LHB Benny Richard 0-0: Ball
1-0: Called Strike
1-1: Fly out, F9 (Flyball, 89M)
Bottom of the 3rd over - 0 runs, 1 hit, 0 errors, 1 left on base; Spokane 1 - Vancouver 0
TOP OF THE 4TH
Spokane Trappers batting - Pitching for Vancouver Vipers : RHP Sergio Chávez
Batting: SHB Chris Bennis 0-0: Ball
1-0: Ball
2-0: Ball
3-0: Base on Balls
Batting: RHB Danny Crouch 0-0: Ball
1-0: Foul Ball, location: 2F
1-1: Ball
2-1: Swinging Strike
2-2: Strikes out looking
Batting: LHB Sixto Cantú 0-0: Ball
1-0: 2-RUN HOME RUN (Flyball, 9LD), Distance : 365 ft
Batting: RHB Carlos García 0-0: Called Strike
0-1: SINGLE (Groundball, 6MD)
Batting: RHB Orlando Bruno 0-0: Fielders Choice at 2nd, 6-4 (Groundball, 6M)
Batting: RHB Alberto Velásquez 0-0: Ball
1-0: Fly out, F9 (Line Drive, 9)
Top of the 4th over - 2 runs, 2 hits, 0 errors, 1 left on base; Spokane 3 - Vancouver 0
BOTTOM OF THE 4TH
Vancouver Vipers batting - Pitching for Spokane Trappers : RHP Honorato Mota
Batting: RHB Cooper Richard 0-0: Ball
1-0: Swinging Strike
1-1: Ball
2-1: Called Strike
2-2: Fly out, F7 (Line Drive, 78M)
Batting: RHB Marvin Workman 0-0: Ball
1-0: SINGLE (Groundball, 56S) (infield hit)
Batting: LHB Nick Gamble 0-0: Ground out 5-3 (Groundball, 56S)
Marvin Workman to second
Batting: RHB Horace Johnson 0-0: Ball
1-0: Swinging Strike
1-1: Called Strike
1-2: Ball
2-2: Ground out 5-3 (Groundball, 56S)
Bottom of the 4th over - 0 runs, 1 hit, 0 errors, 1 left on base; Spokane 3 - Vancouver 0
TOP OF THE 5TH
Spokane Trappers batting - Pitching for Vancouver Vipers : RHP Sergio Chávez
Batting: RHB José Martínez 0-0: Ball
1-0: Called Strike
1-1: Called Strike
1-2: Foul Ball, location: 2F
1-2: DOUBLE (Line Drive, 9LD)
Batting: RHB Warren Martin 0-0: Foul Ball, location: 2F
0-1: Called Strike
0-2: SINGLE (Flyball, 78M)
José Martínez to third
Batting: LHB Harry Pitts 0-0: Fly out, F5 (Popup, 56S)
Batting: SHB Chris Bennis 0-0: Ball
1-0: Foul Ball, location: 2F
1-1: Swinging Strike
1-2: Fly out, F7 (Flyball, 7)
Batting: RHB Danny Crouch 0-0: Ball
1-0: Called Strike
1-1: Fly out, F8 (Flyball, 8RM)
Top of the 5th over - 0 runs, 2 hits, 0 errors, 2 left on base; Spokane 3 - Vancouver 0
BOTTOM OF THE 5TH
Vancouver Vipers batting - Pitching for Spokane Trappers : RHP Honorato Mota
Batting: LHB Brian Ford 0-0: Ball
1-0: SINGLE (Groundball, 4MD)
Batting: RHB Lyle Clark 0-0: Ball
1-0: Fly out, F8 (Flyball, 8RM)
Batting: LHB Ernesto Meléndez 0-0: Called Strike
0-1: Ball
1-1: Called Strike
1-2: Foul Ball, location: 2F
1-2: SINGLE (Groundball, 5D)
Brian Ford to second
Batting: SHB Emílio Calvillo 0-0: Ball
1-0: Called Strike
1-1: Swinging Strike
1-2: Strikes out swinging
Batting: LHB Benny Richard 0-0: Fly out, F7 (Flyball, 7D)
Bottom of the 5th over - 0 runs, 2 hits, 0 errors, 2 left on base; Spokane 3 - Vancouver 0
TOP OF THE 6TH
Spokane Trappers batting - Pitching for Vancouver Vipers : RHP Sergio Chávez
Batting: LHB Sixto Cantú 0-0: Foul Ball, location: 2F
0-1: SINGLE (Groundball, 4D)
Batting: LHB Lorenzo Flores 0-0: Foul Ball, location: 2F
0-1: Ball
1-1: Ball
2-1: Foul Ball, location: 2F
2-2: SINGLE (Flyball, 9LS)
Sixto Cantú to second
Runner from 2nd tries for 3rd, SAFE, no throw
Batting: RHB Orlando Bruno 0-0: Called Strike
0-1: Ball
1-1: Called Strike
1-2: Strikes out swinging
Batting: RHB Alberto Velásquez 0-0: Ball
1-0: Ball
2-0: SINGLE (Line Drive, 8LS)
Sixto Cantú scores
Lorenzo Flores to second
Batting: RHB José Martínez 0-0: Called Strike
0-1: Ball
1-1: Foul Ball, location: 2F
1-2: Foul Ball, location: 2F
1-2: Strikes out swinging
Batting: RHB Warren Martin 0-0: Ball
1-0: Ball
2-0: Called Strike
2-1: Ground out 3-1 (Groundball, 34)
Top of the 6th over - 1 run, 3 hits, 0 errors, 2 left on base; Spokane 4 - Vancouver 0
BOTTOM OF THE 6TH
Vancouver Vipers batting - Pitching for Spokane Trappers : RHP Honorato Mota
Batting: RHB Cooper Richard 0-0: Called Strike
0-1: Ball
1-1: Foul Ball, location: 2F
1-2: Strikes out swinging
Batting: RHB Marvin Workman 0-0: Ball
1-0: Foul Ball, location: 2F
1-1: Ball
2-1: Foul Ball, location: 2F
2-2: Ball
3-2: Fly out, F7 (Flyball, 78M)
Batting: LHB Nick Gamble 0-0: Ground out 6-3 (Groundball, 6)
Bottom of the 6th over - 0 runs, 0 hits, 0 errors, 0 left on base; Spokane 4 - Vancouver 0
TOP OF THE 7TH
Spokane Trappers batting - Pitching for Vancouver Vipers : RHP Sergio Chávez
Batting: LHB Harry Pitts 0-0: Foul Ball, location: 2F
0-1: Foul Ball, location: 2F
0-2: Foul Ball, location: 2F
0-2: Ball
1-2: Ball
2-2: Fly out, F6 (Popup, 6MD)
Batting: SHB Chris Bennis 0-0: Swinging Strike
0-1: Ball
1-1: Ground out 4-3 (Groundball, 4)
Batting: RHB Danny Crouch 0-0: Called Strike
0-1: Ball
1-1: Swinging Strike
1-2: Ball
2-2: Strikes out swinging
Top of the 7th over - 0 runs, 0 hits, 0 errors, 0 left on base; Spokane 4 - Vancouver 0
BOTTOM OF THE 7TH
Vancouver Vipers batting - Pitching for Spokane Trappers : RHP Honorato Mota
Batting: RHB Horace Johnson 0-0: Called Strike
0-1: Foul Ball, location: 2F
0-2: Ground out 6-3 (Groundball, 6)
Batting: LHB Brian Ford 0-0: Ball
1-0: Ball
2-0: Ball
3-0: Called Strike
3-1: Foul Ball, location: 2F
3-2: Foul Ball, location: 2F
3-2: Fly out, F8 (Flyball, 8LS)
Batting: RHB Lyle Clark 0-0: Ball
1-0: Ball
2-0: Ball
3-0: Called Strike
3-1: Swinging Strike
3-2: Strikes out swinging
Bottom of the 7th over - 0 runs, 0 hits, 0 errors, 0 left on base; Spokane 4 - Vancouver 0
TOP OF THE 8TH
Spokane Trappers batting - Pitching for Vancouver Vipers : RHP Sergio Chávez
Pitching: RHP Javier Toledo
Batting: LHB Sixto Cantú 0-0: Ball
1-0: Ball
2-0: Called Strike
2-1: Called Strike
2-2: Ball
3-2: Base on Balls
Batting: LHB Lorenzo Flores 0-0: Sac Bunt - play at first, batter OUT! 1-3
Sixto Cantú to second
Batting: RHB Orlando Bruno 0-0: Foul Ball, location: 2F
0-1: Foul Ball, location: 2F
0-2: Ball
1-2: Ball
2-2: Ball
3-2: Fly out, F8 (Flyball, 8RXD)
Runner from 2nd tags up, SAFE at 3rd, no throw
Batting: RHB Alberto Velásquez 0-0: Foul Ball, location: 2F
0-1: Called Strike
0-2: Foul Ball, location: 2F
0-2: Foul Ball, location: 2F
0-2: Foul Ball, location: 2F
0-2: Foul Ball, location: 2F
0-2: Ball
1-2: SINGLE (Groundball, 56D)
Sixto Cantú scores
Batting: RHB José Martínez 0-0: Called Strike
0-1: Called Strike
0-2: Foul Ball, location: 2F
0-2: Strikes out swinging
Top of the 8th over - 1 run, 1 hit, 0 errors, 1 left on base; Spokane 5 - Vancouver 0
BOTTOM OF THE 8TH
Vancouver Vipers batting - Pitching for Spokane Trappers : RHP Honorato Mota
Batting: LHB Ernesto Meléndez 0-0: Ball
1-0: Ball
2-0: Called Strike
2-1: Ball
3-1: Ground out 4-3 (Groundball, 4)
Batting: SHB Emílio Calvillo 0-0: Ball
1-0: Called Strike
1-1: Swinging Strike
1-2: Strikes out swinging
Batting: LHB Benny Richard 0-0: SOLO HOME RUN (Line Drive, 7D), Distance : 384 ft
Batting: RHB Cooper Richard 0-0: Ball
1-0: Ball
2-0: Foul Ball, location: 2F
2-1: Foul Ball, location: 2F
2-2: Ball
3-2: Strikes out swinging
Bottom of the 8th over - 1 run, 1 hit, 0 errors, 0 left on base; Spokane 5 - Vancouver 1
TOP OF THE 9TH
Spokane Trappers batting - Pitching for Vancouver Vipers : RHP Javier Toledo
Batting: RHB Warren Martin 0-0: Ball
1-0: Foul Ball, location: 2F
1-1: Foul Ball, location: 2F
1-2: Ball
2-2: SINGLE (Line Drive, 56S)
Batting: LHB Harry Pitts 0-0: Ball
1-0: Bunted foul
1-1: Ball
2-1: Sac Bunt - play at first, batter OUT! 3-4
Warren Martin to second
Batting: SHB Chris Bennis 0-0: Intentional Walk
Batting: RHB Danny Crouch 0-0: Ball
Warren Martin steals 3rd base
Chris Bennis to second
1-0: Ball
2-0: Ball
3-0: Called Strike
3-1: Fly out, F8 (Flyball, 8LXD)
Runner from 3rd tags up, SCORES, no throw
Batting: LHB Sixto Cantú 0-0: SINGLE (Flyball, 5D)
Chris Bennis to third
Runner from 3rd tries for Home, SAFE, no throw
Batting: LHB Lorenzo Flores 0-0: Foul Ball, location: 2F
0-1: Called Strike
0-2: Ball
1-2: Ball
2-2: Fly out, F4 (Line Drive, 4)
Top of the 9th over - 2 runs, 2 hits, 0 errors, 1 left on base; Spokane 7 - Vancouver 1
BOTTOM OF THE 9TH
Vancouver Vipers batting - Pitching for Spokane Trappers : RHP Honorato Mota
Now in CF: Juan Velásquez
Batting: RHB Marvin Workman 0-0: Ground out U3 (Groundball, 3)
Batting: LHB Nick Gamble 0-0: Called Strike
0-1: Fly out, F8 (Flyball, 8LS)
Batting: RHB Horace Johnson 0-0: Called Strike
0-1: Ball
1-1: Foul Ball, location: 2F
1-2: SINGLE (Groundball, 34D)
Pitching: RHP Mark Tidwell
Batting: LHB Brian Ford 0-0: Swinging Strike
0-1: Foul Ball, location: 2F
0-2: Foul Ball, location: 2F
0-2: Strikes out looking
Bottom of the 9th over - 0 runs, 1 hit, 0 errors, 1 left on base; Spokane 7 - Vancouver 1
Saturday, April 7th, 2018 - OOTP Baseball 18.8 Build 76